 Dungeon Crawl Stone Soup version 0.17.1-3-g152610e (webtiles) character file.

16 Jerry the Magician (level 2, 0/17 HPs)
             Began as an Octopode Wizard on Mar 29, 2016.
             Succumbed to a kobold's poison
             ... on level 1 of the Dungeon.
             The game lasted 00:02:37 (656 turns).

Jerry the Magician (Octopode Wizard)                 Turns: 656, Time: 00:02:37

Health: 0/17       AC:  1    Str:  6      XL:     2   Next: 58%
Magic:  1/6        EV: 12    Int: 19 (20) God:
Gold:   42         SH:  0    Dex: 10      Spells: 1 memorised, 6 levels left

rFire  . . .     SeeInvis .     i - +0 dagger
rCold  . . .     Clarity  .     (no shield)
rNeg   . . .     SustAt   .     a - +0 hat
rPois  .         Gourm    .     (no amulet)
rElec  .         Spirit   .     (no ring)
rCorr  .         Warding  .     (no ring)
rMut   .         Stasis   .     (no ring)
MR     .....                    (no ring)
Stlth  +++.......               (no ring)
                                (no ring)
                                (no ring)
                                (no ring)

@: lethally poisoned (0 -> -12), very slightly contaminated, not resistant to
hostile enchantments, fairly stealthy
A: almost no armour, amphibious, 8 rings, constrict 8, antennae 1, camouflage 1,
deterioration 1, gelatinous body 1, evolution 1
a: no special abilities


You were on level 1 of the Dungeon.
You were not hungry.

You visited 1 branch of the dungeon, and saw 1 of its levels.

You collected 42 gold pieces.

Inventory:

Hand Weapons
 i - a +0 dagger (weapon)
Armour
 a - a +0 hat (worn)
Scrolls
 e - a scroll of fog {unknown}
 f - a scroll of immolation {unknown}
 g - a scroll of identify {unknown}
Books
 b - a book of Minor Magic

   Spells                             Type                      Level
   a - Magic Dart                     Conjuration                  1
   b - Blink                          Translocation                2
   c - Call Imp                       Summoning                    2
   d - Repel Missiles                 Charms/Air                   2
   e - Slow                           Hexes                        2
   f - Conjure Flame                  Conjuration/Fire             3
   g - Mephitic Cloud                 Conjuration/Poison/Air       3
Comestibles
 c - a bread ration
 d - a fruit


   Skills:
 + Level 2.3 Dodging
 - Level 2.6 Stealth
 + Level 3.1 Spellcasting
 + Level 1.9 Conjurations
   Level 1.0 Summonings
   Level 1.0 Translocations


You had 6 spell levels left.
You knew the following spells:

 Your Spells              Type           Power        Failure   Level  Hunger
a - Magic Dart            Conj           ##..         10%         1    None


Dungeon Overview and Level Annotations

Branches:
Dungeon (1/15)

Altars:


Innate Abilities, Weirdness & Mutations

You cannot wear most types of armour.
You are amphibious.
You can wear up to eight rings at the same time.
You can use your tentacles to constrict eight enemies at once.
Your skin changes colour to match your surroundings (Stealth).
Your rubbery body absorbs attacks (AC +1).
You have a pair of small antennae on your head.
Your body sometimes deteriorates upon taking damage.
You evolve.


Message History

You see here a rat corpse.
Drink which item? (? for menu, Esc to quit)
It was a potion of mutation.
You feel extremely strange.
You feel yourself wasting away.
You feel nature experimenting on you.
Don't worry, failures die fast.
A pair of antennae grows on your head!
You feel sick.
* * * LOW HITPOINT WARNING * * *
Your body deteriorates!
You feel dopey.
You feel sick.
You see here a dagger of venom.
* * * LOW HITPOINT WARNING * * *
You feel sick.
* * * LOW HITPOINT WARNING * * *
You feel sick.
Found a club.
* * * LOW HITPOINT WARNING * * *
You feel sick.
You see here a giant newt corpse.
You die...

#........####).#..#
#.#..#..##..##.##
#.##.##.#.†..#..# #
#.##.#.)#(..†#
#.>#.##.##..##
##.#..#..####.
.##.†.....)..
##.##.####. #@...#
#.#### #.. ####


There were no monsters in sight!

Vanquished Creatures
  2 giant cockroaches (D:1)
  3 goblins (D:1)
  3 hobgoblins (D:1)
  2 giant newts (D:1)
  3 kobolds (D:1)
  4 rats (D:1)
17 creatures vanquished.

Notes
Turn   | Place    | Note
--------------------------------------------------------------
     0 | D:1      | Jerry the Octopode Wizard began the quest for the Orb.
     0 | D:1      | Reached XP level 1. HP: 11/11 MP: 4/4
   299 | D:1      | Reached XP level 2. HP: 13/17 MP: 0/6
   650 | D:1      | Gained mutation: Your body sometimes deteriorates upon taking damage. [potion of mutation]
   650 | D:1      | Gained mutation: You evolve. [potion of mutation]
   650 | D:1      | Gained mutation: You have a pair of small antennae on your head. [potion of mutation]
   656 | D:1      | Succumbed to a kobold's poison

Action                   || total
-------------------------++-------
Melee: Unarmed           ||    14
       Dagger            ||     5
 Cast: Magic Dart        ||    31
  Use: Potion            ||     1
